 Dungeon Crawl Stone Soup version 0.20.1-1-g8b1a95d (webtiles) character file.

16098 PauBabau the Carver (level 12, -9/94 HPs)
             Began as a Barachi Fighter on Dec 9, 2017.
             Was a Priest of the Shining One.
             Killed from afar by a frost giant (40 damage)
             ... with a bolt of cold
             ... in an ice cave.
             The game lasted 01:02:22 (12394 turns).

PauBabau the Carver (Barachi Fighter)              Turns: 12394, Time: 01:02:23

Health: -9/94      AC: 16    Str: 21    XL:     12   Next: 33%
Magic:  14/14      EV: 11    Int: 10    God:    the Shining One [***...]
Gold:   566        SH: 17    Dex: 15    Spells: 11/11 levels left

rFire    . . .     SeeInvis .   O - +2 scimitar (freeze)
rCold    . . .     Gourm    .   L - +0 shield
rNeg     + + .     Faith    .   R - +2 chain mail of Hospitality {rPois Dex+3 Stlth+}
rPois    +         Spirit   .   w - +2 hat {MR+}
rElec    .         Reflect  +   J - +0 cloak
rCorr    .         Harm     .   (no gloves)
MR       +....                  (no boots)
Stlth    ..........             g - +5 amulet of reflection
Regen    0.3/turn               M - ring of positive energy
MPRegen  0.2/turn               q - +3 ring of slaying

@: can't hop, glowing, slow
A: +LOS, swims, slowness 1, strong legs 1
a: Hop, Divine Shield, Renounce Religion


You were in an ice cave.
You worshipped the Shining One.
The Shining One was most pleased with you.
You were not hungry.

You visited 2 branches of the dungeon, and saw 15 of its levels.
You also visited: Ice Cave.

You collected 728 gold pieces.
You spent 162 gold pieces at shops.

Inventory:

Hand Weapons
 a - a +1 long sword
 O - a +2 scimitar of freezing (weapon)
Missiles
 d - a throwing net
 r - 14 tomahawks (quivered)
Armour
 h - a +0 cloak
 u - the cursed +0 robe of Nelaanew {*Contam rElec rC+ SInv, unknown}
   (You found it in an ice cave)

   It protects you from cold.
   It insulates you from electricity.
   It lets you see invisible.
   It causes magical contamination when unequipped.
   It has a curse placed upon it.
 w - a +2 hat of magic resistance (worn)
 J - a +0 cloak (worn)
 L - a +0 shield (worn)
 R - the +2 chain mail of Hospitality (worn) {rPois Dex+3 Stlth+}
   (You took it off a crimson imp on level 11 of the Dungeon)

   It affects your dexterity (+3).
   It protects you from poison.
   It makes you more stealthy.
Jewellery
 g - a +5 amulet of reflection (around neck)
 q - a +3 ring of slaying (right hand)
 M - a ring of positive energy (left hand)
Wands
 n - a wand of acid (0/15)
 D - a wand of iceblast (7/15)
 G - a wand of enslavement (11/24)
 H - a wand of confusion (0/48)
Scrolls
 e - 3 scrolls of identify
 i - 3 scrolls of teleportation
 k - 3 scrolls of recharging {unknown}
 l - 5 scrolls of magic mapping
 p - a scroll of random uselessness {unknown}
 s - 2 scrolls of enchant weapon
 z - 4 scrolls of remove curse
 E - a scroll of fog
 F - a scroll of enchant armour {unknown}
 P - a scroll of immolation {unknown}
Potions
 b - 3 potions of agility
 c - a potion of haste
 t - 2 potions of cancellation
 v - 3 potions of mutation
 x - 3 potions of curing
 C - 3 potions of flight
Books
 o - a book of Spatial Translocations

   Spells                             Type                      Level
   a - Blink                          Translocation                2
   b - Shroud of Golubria             Charms/Translocation         2
   c - Lesser Beckoning               Translocation                3
   d - Gell's Gravitas                Translocation                3
   e - Teleport Other                 Translocation                3
   f - Passage of Golubria            Translocation                4
 y - a book of Changes

   Spells                             Type                      Level
   a - Beastly Appendage              Transmutation                1
   b - Sticks to Snakes               Transmutation                2
   c - Spider Form                    Transmutation/Poison         3
   d - Ice Form                       Ice/Transmutation            4
   e - Blade Hands                    Transmutation                5
 A - a book of Cantrips

   Spells                             Type                      Level
   a - Confusing Touch                Hexes                        1
   b - Animate Skeleton               Necromancy                   1
   c - Summon Small Mammal            Summoning                    1
   d - Apportation                    Translocation                1
 I - a book of Air

   Spells                             Type                      Level
   a - Shock                          Conjuration/Air              1
   b - Swiftness                      Charms/Air                   2
   c - Static Discharge               Conjuration/Air              3
   d - Airstrike                      Air                          4
   e - Lightning Bolt                 Conjuration/Air              5
 Q - a book of Unlife

   Spells                             Type                      Level
   a - Recall                         Summoning/Translocation      3
   b - Animate Dead                   Necromancy                   4
   c - Control Undead                 Necromancy                   4
   d - Cigotuvi's Embrace             Necromancy                   5
   e - Death Channel                  Necromancy                   6
   f - Simulacrum                     Ice/Necromancy               6
Miscellaneous
 N - a fan of gales (inert)
Comestibles
 f - 12 bread rations
 m - 5 meat rations


   Skills:
 * Level 8.8 Fighting
 * Level 13.2 Long Blades
 + Level 3.2 Throwing
 * Level 8.8 Armour
 * Level 7.1 Dodging
 * Level 11.1 Shields
 * Level 3.3 Invocations
 * Level 3.7 Evocations


You had 11 spell levels left.
You didn't know any spells.

Dungeon Overview and Level Annotations

Branches:
Dungeon (14/15)            Temple (1/1) D:7            Lair (0/6) D:8
    Orc (0/2) D:9
 Vaults: D:13-14

Altars:
Ashenzari
Cheibriados
Dithmenos
Elyvilon
Gozag
Hepliaklqana
Kikubaaqudgha
Makhleb
Nemelex Xobeh
Okawaru
Qazlal
Ru
Sif Muna
Trog
Uskayaw
Vehumet
Xom
Yredelemnul
Zin
The Shining One
Beogh

Shops:
D:7 *

Annotations:
IceCv exclusion: ice statue


Innate Abilities, Weirdness & Mutations

Shadows flee at your approach. (+LOS)
You can swim through water.
You cover ground slowly.
You can hop short distances.


Message History

The ice beast is severely wounded.
The ice beast misses you.
You riposte.
You slash the ice beast!
You kill the ice beast!
Really walk into that cloud of freezing vapour? [Y]es or [N]o only, please.
Really walk into that cloud of freezing vapour? [Y]es or [N]o only, please.
Really walk into that cloud of freezing vapour?
Okay, then.
There is a fountain of clear blue water here.
You are feeling very hungry.
You eat one of the 6 meat rations.
That meat ration really hit the spot!
You are engulfed in freezing vapours.
You are engulfed in freezing vapours.
Your legs are too worn out to hop.
You are engulfed in freezing vapours.
The frost giant shouts!
The frost giant gestures at you while chanting.
The bolt of cold hits you!
You die...

###### ....# ..C.#### .
......##.# ........# #......#
## #≈≈≈≈≈ ##.....# .###≈≈≈≈≈
##§@..# ...##≈≈≈≈≈ ##§§.###
..## ≈≈≈≈####.§###
##.####≈≈≈##§§##
###..##≈≈≈###§####
#...##≈≈≈≈≈≈#§§..### ###
##..#≈≈≈≈≈≈≈§####..#####.###
..###≈≈≈≈≈≈≈≈≈≈####..##.#..###
### #≈≈≈≈≈≈≈##.#[####..####..#


You could see a frost giant.

Vanquished Creatures
  A hydra (D:11)
  3 two-headed ogres (D:8)
  A death yak (IceCv)
  A cyclops (D:13)
  A gargoyle (D:11)
  A troll (D:12)
  11 polar bears (IceCv)
  The ghost of broninjaking the Poker, an amateur DsMo of Fedhas (D:5)
  2 hippogriffs
  A spriggan (D:7)
  A shadow (D:11)
  20 yaks
  A vampire (D:9)
  2 soldier ants
  5 ice beasts
  4 orc warriors
  3 sky beasts
  7 ogres
  A phantom (D:9)
  13 wolves (IceCv)
  A big kobold (D:14)
  5 bullfrogs
  2 gnoll sergeants
  2 scorpions
  4 wights
  2 howler monkeys (D:8)
  A centaur zombie (D:5)
  8 crimson imps (D:11)
  A jelly (D:10)
  3 orc wizards
  A bullfrog zombie (D:8)
  9 orc priests
  A gnoll shaman (D:4)
  4 hounds
  3 centaur skeletons
  4 iguanas
  Terence (D:3)
  7 worker ants
  A killer bee zombie (D:6)
  16 gnolls
  A worker ant zombie (D:6)
  17 adders
  A shadow imp (D:5)
  2 white imps (D:11)
  An ooze (D:5)
  An adder skeleton (D:4)
  2 adder zombies (D:8)
  8 worms
  3 dart slugs
  5 leopard geckos
  36 orcs
  7 giant cockroaches
  4 goblins
  9 hobgoblins
  7 jackals
  14 kobolds
  9 bats
  3 frilled lizards
  A jackal skeleton (D:6)
  A leopard gecko skeleton (D:4)
  A quokka skeleton (D:6)
  A quokka zombie (D:5)
  12 rats
  A bush (D:2)
303 creatures vanquished.

Vanquished Creatures (others)
  3 polar bears (IceCv)
  3 yaks (IceCv)
  7 wolves (IceCv)
  2 centaurs
  3 orcs
  2 kobolds (D:14)
20 creatures vanquished.

Grand Total: 323 creatures vanquished

Notes
Turn   | Place    | Note
-------+----------+-------------------------------------------
     0 | D:1      | PauBabau the Barachi Fighter began the quest for the Orb.
     0 | D:1      | Reached XP level 1. HP: 18/18 MP: 1/1
   458 | D:1      | Reached XP level 2. HP: 25/25 MP: 2/2
   937 | D:2      | Reached XP level 3. HP: 30/30 MP: 3/3
  1271 | D:2      | Reached skill level 3 in Long Blades
  1472 | D:2      | Reached XP level 4. HP: 37/37 MP: 4/4
  2102 | D:3      | Reached skill level 1 in Dodging
  2180 | D:3      | Noticed Terence
  2194 | D:3      | Killed Terence
  2194 | D:3      | Reached XP level 5. HP: 42/42 MP: 5/5
  2247 | D:3      | Reached skill level 4 in Long Blades
  2374 | D:3      | Found a burning altar of Makhleb.
  2374 | D:3      | Noticed an Executioner
  2408 | D:3      | Found a bloodstained altar of Trog.
  2558 | D:3      | Found a deep blue altar of Sif Muna.
  2561 | D:3      | Found an opulent altar of Gozag.
  2897 | D:3      | Found a snail-covered altar of Cheibriados.
  3148 | D:4      | Noticed an ogre
  3158 | D:4      | Killed an ogre
  3158 | D:4      | Reached XP level 6. HP: 27/49 MP: 6/6
  3223 | D:4      | Reached skill level 1 in Throwing
  3297 | D:4      | Reached skill level 5 in Long Blades
  3399 | D:4      | Reached skill level 5 in Shields
  3567 | D:4      | Reached XP level 7. HP: 47/55 MP: 7/7
  3750 | D:4      | Reached skill level 5 in Armour
  4043 | D:5      | Entered Level 5 of the Dungeon
  4105 | D:5      | Reached skill level 5 in Fighting
  4105 | D:5      | Reached skill level 6 in Long Blades
  4146 | D:5      | Noticed broninjaking's ghost (amateur DsMo)
  4416 | D:5      | Killed broninjaking's ghost
  4416 | D:5      | Reached XP level 8. HP: 62/62 MP: 8/8
  4539 | D:5      | Found an iron altar of Okawaru.
  4855 | D:6      | Reached skill level 7 in Long Blades
  4859 | D:6      | Found a shadowy altar of Dithmenos.
  5688 | D:5      | Reached skill level 8 in Long Blades
  5688 | D:5      | Reached XP level 9. HP: 53/69 MP: 9/9
  5891 | D:6      | Found a hazy altar of Hepliaklqana.
  6130 | D:7      | Found a staircase to the Ecumenical Temple.
  6184 | D:7      | Found Ciheix's Island Escapes.
  6196 | Temple   | Entered the Ecumenical Temple
  6376 | Temple   | Became a worshipper of the Shining One
  6421 | D:7      | Bought a potion of flight for 39 gold pieces
  6421 | D:7      | Bought a scroll of fog for 26 gold pieces
  6421 | D:7      | Bought a scroll of blinking for 97 gold pieces
  6746 | D:7      | Found an ancient bone altar of Kikubaaqudgha.
  7121 | D:8      | Found a staircase to the Lair.
  7143 | D:8      | Reached skill level 9 in Long Blades
  7205 | D:8      | Noticed a two-headed ogre
  7216 | D:8      | Killed a two-headed ogre
  7281 | D:8      | Noticed a two-headed ogre
  7294 | D:8      | Killed a two-headed ogre
  7294 | D:8      | Reached skill level 10 in Long Blades
  7294 | D:8      | Reached skill level 5 in Dodging
  7294 | D:8      | Reached XP level 10. HP: 52/77 MP: 10/10
  7455 | D:8      | Found a roughly hewn altar of Beogh.
  7458 | D:8      | Reached * piety under the Shining One
  7484 | D:8      | Noticed a two-headed ogre
  7490 | D:8      | Killed a two-headed ogre
  7786 | D:9      | Found a staircase to the Orcish Mines.
  8023 | D:9      | Reached skill level 1 in Invocations
  8381 | D:9      | Reached skill level 11 in Long Blades
  8494 | D:10     | Entered Level 10 of the Dungeon
  8701 | D:10     | Reached skill level 1 in Evocations
  8730 | D:10     | Reached XP level 11. HP: 68/84 MP: 12/12
  8890 | D:11     | Reached ** piety under the Shining One
  9066 | D:11     | Got a steaming chain mail
  9080 | D:11     | Identified the +2 chain mail of Hospitality {rPois Dex+3 Stlth+} (You took it off a crimson imp on level 11 of the Dungeon)
  9115 | D:11     | Noticed a seven-headed hydra
  9511 | D:11     | Killed an 18-headed hydra
  9511 | D:11     | Reached skill level 12 in Long Blades
  9703 | D:11     | Reached *** piety under the Shining One
  9723 | D:11     | Reached skill level 10 in Shields
  9950 | D:12     | You fall through a shaft for 2 floors!
 10046 | D:13     | Noticed a cyclops
 10058 | D:13     | Killed a cyclops
 10172 | D:13     | Found a frozen archway.
 10182 | IceCv    | Entered an ice cave
 11058 | IceCv    | Got a faintly glowing robe
 11111 | IceCv    | Reached XP level 12. HP: 93/94 MP: 14/14
 11157 | IceCv    | Reached skill level 13 in Long Blades
 11231 | IceCv    | Noticed a death yak
 11249 | IceCv    | Killed a death yak
 11603 | IceCv    | Noticed a frost giant
 12394 | IceCv    | Killed from afar by a frost giant

Skill      XL: |  1  2  3  4  5  6  7  8  9 10 11 12 |
---------------+-------------------------------------+-----
Fighting       | 4 5 6 7 8 |  8.8
Armour         | 4 5 6 7 8 |  8.8
Long Blades    | 3 4 5 6 8 10 11 12 13 | 13.2
Shields        | 4 5 6 8 9 10 11 | 11.1
Dodging        | 1 2 3 5 6 7 |  7.1
Throwing       | 1 2 3 |  3.2
Invocations    | 1 2 3 |  3.3
Evocations     | 1 3 |  3.7

Action                   |  1- 3 |  4- 6 |  7- 9 | 10-12 || total
-------------------------+-------+-------+-------+-------++-------
Melee: Long sword        |   201 |   246 |   331 |   185 ||   963
       Scimitar          |       |       |       |   301 ||   301
Throw: Tomahawk          |       |     9 |    42 |    32 ||    83
 Abil: Hop               |       |       |     2 |     4 ||     6
Evoke: Wand              |       |       |     1 |     8 ||     9
       Fan of gales      |       |       |       |     1 ||     1
  Use: Scroll            |     5 |     2 |     5 |    12 ||    24
       Potion            |       |     1 |     2 |     5 ||     8
  Eat: Chunk             |     1 |    10 |    10 |     6 ||    27
       Fruit             |       |       |     2 |    11 ||    13
       Royal jelly       |       |       |     1 |     1 ||     2
       Meat ration       |       |       |       |     1 ||     1
Armor: Scale mail        |    58 |    59 |    75 |     4 ||   196
       Skin              |       |       |    11 |    39 ||    50
       Ring mail         |       |       |       |    29 ||    29
       Chain mail        |       |       |       |    86 ||    86
Dodge: Dodged            |    40 |    39 |    74 |   115 ||   268
Block: Shield            |   108 |   190 |   289 |   375 ||   962
       Reflection        |     7 |     8 |    11 |     8 ||    34
       Rpst.: Long sword |     6 |     7 |    28 |    12 ||    53
       Scimitar          |       |       |       |    16 ||    16
